 Dungeon Crawl Stone Soup version 0.30.1-11-g7821555f0a (webtiles) character file.

Game seed: 14619417231756971910

9 Chiseanne the Conjurer (level 2, 20/20 HPs)
             Began as a Demonspawn Wanderer on Nov 24, 2023.
             Quit the game on level 1 of the Dungeon.
             The game lasted 00:01:12 (309 turns).

Chiseanne the Conjurer (Demonspawn Wanderer)         Turns: 309, Time: 00:01:13

Health: 20/20      AC:  6    Str: 11    XL:     2   Next: 3%
Magic:  4/4        EV:  8    Int: 18    God:
Gold:   0          SH:  0    Dex:  8    Spells: 3/3 levels left

rFire   . . .        a - +0 club
rCold   . . .        (no shield)
rNeg    . . .        c - +0 scale mail
rPois   .            (no helmet)
rElec   .            (no cloak)
rCorr   .            (no gloves)
SInv    .            (no boots)
Will    .....        (no amulet) Stlth
                     (no ring)
HPRegen 0.23/turn    (no ring)
MPRegen 0.09/turn

%: no passive effects
@: no status effects
A: claws 1
a: no special abilities


You were on level 1 of the Dungeon.
You visited 1 branch of the dungeon, and saw 1 of its levels.

Inventory:

Hand Weapons
 a - a +0 club (weapon)
Missiles
 e - 5 stones (quivered)
Armour
 c - a +0 scale mail (worn)
Potions
 b - a potion of berserk rage
 d - a potion of brilliance {unknown}
 f - a potion of haste {unknown}


   Skills:
 * Level 0.7 Fighting
 - Level 1.0 Armour
 - Level 1.0 Dodging
 - Level 1.0 Stealth
 * Level 1.3 Spellcasting
 * Level 4.1 Conjurations
 - Level 2.0 Hexes


You had 3 spell levels left.
You didn't know any spells.
Your spell library contained the following spells:

 Spells                   Type           Power      Damage    Failure   Level
 Magic Dart               Conj           64%        1d6       22%         1
 Shock                    Conj/Air       32%        1d5       45%         1
 Slow                     Hex            32%        N/A       45%         1
 Dazzling Flash           Conj/Hex       24%        N/A       69%         3
 Sticky Flame             Conj/Fire      8%         2d3       99%         4


Dungeon Overview and Level Annotations

Branches:
Dungeon (1/15)

Altars:


Innate Abilities, Weirdness & Mutations

You have sharp fingernails.


Message History

The bat is severely wounded.
The bat closely misses you. x2
You barely miss the bat.
The bat is severely wounded.
The bat hits you but does no damage. x2
You miss the bat.
The bat is severely wounded.
The bat hits you but does no damage. The bat closely misses you.
You barely miss the bat.
The bat is severely wounded.
The bat hits you but does no damage. The bat hits you but does no damage.
You closely miss the bat.
The bat is heavily wounded.
The bat hits you.
You miss the bat.
The bat is heavily wounded.
The bat barely misses you. The bat hits you but does no damage.
You barely miss the bat.
The bat is heavily wounded.
The bat hits you but does no damage. x2; The bat barely misses you.
You barely miss the bat.
The bat is heavily wounded.
The bat closely misses you. The bat hits you but does no damage.
You closely miss the bat.
The bat is heavily wounded.
The bat hits you but does no damage. The bat hits you.
The bat hits you but does no damage.
You start waiting.
A bat is nearby!
The bat hits you but does no damage. x2
You hit the bat.
You kill the bat!
You have reached level 2!
You feel monstrous as your demonic heritage exerts itself.
Your demonic ancestry asserts itself...
Your fingernails lengthen.
Are you sure you want to abandon this character and quit the game? (Confirm with "yes".)

###### ######........
##...............#
#................#
#.......$.....K...
#..........?.....#####
###.###~###........
#.#...#@#≈#.# .....
#.#.###†#≈#.###r.#
#.#.....#≈#......#
#.#.###.#≈#.###..#####
#.#...#.#≈#.#........#
#.##..###~###r.......#
#.##.................#
#.##....###.##.........
#.##.######.#...#######


There were no monsters in sight!

Vanquished Creatures
  2 bats (D:1)
  An endoplasm (D:1)
  A goblin (D:1)
  A hobgoblin (D:1)
  A frilled lizard (D:1)
  2 rats (D:1)
8 creatures vanquished.

Notes
Turn   | Place    | Note
-------+----------+-------------------------------------------
     0 | D:1      | Chiseanne the Demonspawn Wanderer began the quest for the
                  | Orb.
     0 | D:1      | Chiseanne set off with the following items: a +0 club, a
                  | potion of berserk rage, a +0 scale mail; and the following
                  | spells available to memorise: Magic Dart, Shock, Slow,
                  | Dazzling Flash, Sticky Flame.
     0 | D:1      | Reached XP level 1. HP: 13/13 MP: 2/2
   309 | D:1      | Discovered your monstrous ancestry.
   309 | D:1      | Gained mutation: You have sharp fingernails. [demonic
                  | ancestry]
   309 | D:1      | Reached XP level 2. HP: 20/20 MP: 4/4
   309 | D:1      | Quit the game

Illustrated notes

Levels and vault maps discovered:
D:1:      dpeg_cavernosity, layout_basic, serial_shops, shop, shop,
          grunt_decor_cap

Action                     || total
---------------------------++-------
  Melee: Club              ||    46
 Armour: Scale mail        ||    37
  Dodge: Dodged            ||    22
